 Dungeon Crawl Stone Soup version 0.25-a0-785-gb22c70e859 (webtiles) character file.

Game seed: 4942438936568846364, levelgen mode: deterministic

2888 jt the Basher (level 9, -1/73 HPs)
             Began as a Naga Warper on Apr 17, 2020.
             Was an Initiate of Yredelemnul.
             Slain by a yak (13 damage)
             ... on level 7 of the Dungeon.
             The game lasted 00:27:01 (8136 turns).

jt the Basher (Naga Warper)                         Turns: 8136, Time: 00:27:02

Health: -1/73      AC:  4    Str: 17    XL:     9   Next: 77%
Magic:  12/12      EV:  7    Int: 14    God:    Yredelemnul [......]
Gold:   381        SH: 16    Dex: 10    Spells: 5/12 levels left

rFire    . . .     SeeInvis +   a - +4 mace
rCold    . . .     Gourm    +   q - +1 tower shield
rNeg     . . .     Faith    .   b - +0 leather armour
rPois    +         Spirit   .   (no helmet)
rElec    .         Reflect  .   (no cloak)
rCorr    .         Harm     .   (no gloves)
MR       +....                  (no barding)
Stlth    +.........             n - amulet of the gourmand
HPRegen  0.22/turn              (no ring)
MPRegen  0.13/turn              (no ring)

@: short of breath, very slow
A: large, see invisible, deformed body, poison resistance, slowness 2, slow
metabolism 1, spit poison 1, AC +3
a: Spit Poison, Renounce Religion


You were on level 7 of the Dungeon.
You worshipped Yredelemnul.
Yredelemnul was noncommittal.
You were completely stuffed.

You visited 2 branches of the dungeon, and saw 9 of its levels.

You collected 381 gold pieces.

Inventory:

Hand Weapons
 a - a +4 mace (weapon)
 g - a +0 spear
 r - a +0 mace
 u - a +1 spear of pain
 v - a +1 trident of venom
 x - a +2 whip of flaming
 z - a +4 dagger of chaos
Missiles
 e - 3 boomerangs of dispersal
 h - 277 stones
 k - 8 javelins
 l - 19 poisoned darts (quivered)
 m - 36 sling bullets
Armour
 b - a +0 leather armour (worn)
 i - a +0 buckler
 q - a +1 tower shield (worn)
 s - a cursed +0 leather armour
 t - a +0 chain mail
Jewellery
 n - an amulet of the gourmand (around neck)
Wands
 w - a wand of flame (16)
Scrolls
 c - 3 scrolls of identify
 d - a scroll of blinking
 y - a scroll of fear
Potions
 j - a potion of curing
Comestibles
 f - 13 rations
 o - 2 chunks of flesh


   Skills:
 - Level 2.0 Fighting
 + Level 9.7 Maces & Flails
 - Level 3.1 Throwing
 - Level 0.7 Armour
 - Level 1.5 Dodging
 + Level 7.0 Shields
 - Level 2.0 Spellcasting
 - Level 3.0 Translocations


You had 5 spell levels left.
You knew the following spells:

 Your Spells              Type           Power        Failure   Level  Hunger
a - Blink                 Tloc           N/A          56%         2    ###....
b - Shroud of Golubria    Chrm/Tloc      #.....       78%         2    ###....
c - Gell's Gravitas       Tloc           #.........   80%         3    ####...

Your spell library contained the following spells:

 Spells                   Type           Power        Failure   Level  Hunger
 Lesser Beckoning         Tloc           #.........   80%         3    ####...
 Teleport Other           Tloc           #.......     80%         3    ####...
 Passage of Golubria      Tloc           N/A          99%         4    #####..


Dungeon Overview and Level Annotations

Branches:
Dungeon (8/15)             Temple (1/1) D:5
   Lair: D:8-11

Altars:
Cheibriados
Dithmenos
Elyvilon
Fedhas
Gozag
Hepliaklqana
Kikubaaqudgha
Makhleb
Nemelex Xobeh
Okawaru
Qazlal
Ru
Sif Muna
Uskayaw
Vehumet
Wu Jian
Yredelemnul
Zin

Shops:
D:5 [

Annotations:
D:2 Sigmund
D:7 Dowan, Duvessa
D:8 Harold


Innate Abilities, Weirdness & Mutations

You cannot wear boots.
Your serpentine skin is tough. (AC +3)
You have supernaturally acute eyesight. (SInv)
Armour fits poorly on your strangely shaped body.
Your system is resistant to poisons. (rPois)
You cover ground very slowly.
You have a slow metabolism.
You can spit poison.


Message History

You hit the crimson imp.
The crimson imp is moderately wounded.
You block the crimson imp's attack.
Press: ? - help, v - describe, . - travel
Here: a gnoll sergeant, wielding a +0 spear and wearing a +0 ring mail The floor.
Okay, then.
Unknown command.
Press: ? - help, Shift-Dir - straight line, f - gnoll sergeant, p - crimson imp
Aim: a gnoll sergeant, wielding a +0 spear and wearing a +0 ring mail The splash of poison hits the gnoll sergeant.
The gnoll sergeant is poisoned.
The gnoll sergeant is lightly wounded.
You feel slightly less full.
The gnoll sergeant hits you from afar with a +0 spear.
* * * LOW HITPOINT WARNING * * *
The crimson imp blinks!
You block the gnoll sergeant's attack. The yak gores you!
You die...
Your body rises from the dead as a mindless zombie.

# ## #.# # .# #.#
####.## # .#
#.#.#...... # .#
##.#>#.##.#. #
#.#.##.#.#....#. #
#####.#.##.#.#..###.
# #...Y......#.#..#
#. #
#..Y§g#.##.#.#).###.
#
#..@÷.#...)#.#).#...
##########.#.####.##
######
#))[>.((......#
.....#
###)#############
####.# #...#
.#######.#
.........#
###########
.######..#
#..........
#..####.......#


You could see 2 yaks and a gnoll sergeant.

Vanquished Creatures
  Pikel (D:6)
  Psyche (D:7)
  A hornet (D:4)
  3 yaks
  Menkaure (D:5)
  An orc warrior (D:8)
  A sky beast (D:5)
  2 black bears
  A centaur (D:7)
  3 bullfrogs
  A scorpion (D:3)
  2 orc priests
  2 hounds (D:5)
  3 orc wizards
  2 bullfrog skeletons
  Jessica (D:2)
  An iguana (D:8)
  3 worker ants
  A hound zombie (D:5)
  A worker ant zombie (D:5)
  9 gnolls
  7 adders
  A shadow imp (D:7)
  2 oozes
  2 adder skeletons (D:5)
  A worm (D:2)
  A dart slug (D:2)
  4 leopard geckos
  13 orcs
  8 bats
  5 giant cockroaches
  5 goblins
  7 hobgoblins
  7 kobolds
  3 quokkas
  3 ball pythons
  A ball python skeleton (D:4)
  3 frilled lizards
  A leopard gecko skeleton (D:7)
  2 quokka skeletons
  7 rats
124 creatures vanquished.

Vanquished Creatures (others)
  A ball python (D:6)
1 creature vanquished.

Grand Total: 125 creatures vanquished

Notes
Turn   | Place    | Note
-------+----------+-------------------------------------------
     0 | D:1      | jt the Naga Warper began the quest for the Orb.
     0 | D:1      | Reached XP level 1. HP: 19/19 MP: 3/3
   103 | D:1      | Reached XP level 2. HP: 14/26 MP: 5/5
   109 | D:1      | Learned a level 2 spell: Blink
   325 | D:1      | Reached skill level 3 in Maces & Flails
   825 | D:1      | Reached XP level 3. HP: 18/32 MP: 6/6
  1058 | D:1      | Reached skill level 1 in Shields
  1629 | D:2      | Learned a level 2 spell: Shroud of Golubria
  1659 | D:2      | Reached XP level 4. HP: 14/39 MP: 3/7
  1673 | D:2      | Reached skill level 4 in Maces & Flails
  1728 | D:2      | Reached XP level 5. HP: 13/45 MP: 8/8
  2419 | D:2      | Noticed Sigmund
  2423 | D:2      | Noticed Jessica
  2733 | D:2      | Learned a level 3 spell: Gell's Gravitas
  2785 | D:2      | Killed Jessica
  2785 | D:2      | Reached skill level 5 in Maces & Flails
  2785 | D:2      | Reached XP level 6. HP: 52/52 MP: 9/9
  3507 | D:4      | Found a snail-covered altar of Cheibriados.
  3620 | D:4      | Noticed a hornet
  3632 | D:4      | Paralysed by a hornet for 2 turns
  4030 | D:5      | Entered Level 5 of the Dungeon
  4042 | D:5      | Reached skill level 1 in Throwing
  4217 | D:5      | Found Did Xes's Antique Armour Shop.
  4314 | D:5      | Reached skill level 6 in Maces & Flails
  4406 | D:5      | Reached XP level 7. HP: 55/60 MP: 10/10
  4407 | D:5      | Noticed Menkaure
  4417 | D:5      | Killed Menkaure
  4546 | D:5      | Found a staircase to the Ecumenical Temple.
  4565 | Temple   | Entered the Ecumenical Temple
  4725 | Temple   | Became a worshipper of Yredelemnul the Dark
  5044 | D:4      | Killed a hornet
  5044 | D:4      | Reached XP level 8. HP: 22/67 MP: 11/11
  5762 | D:6      | Noticed Pikel
  5805 | D:6      | Killed Pikel
  5805 | D:6      | Reached skill level 7 in Maces & Flails
  5805 | D:6      | Reached skill level 5 in Shields
  6167 | D:6      | Reached skill level 8 in Maces & Flails
  6774 | D:7      | Noticed a yak
  6774 | D:7      | Noticed a yak
  6775 | D:7      | Noticed a yak
  6778 | D:7      | Noticed a yak
  6783 | D:7      | Noticed a yak
  6806 | D:7      | Killed a yak
  6806 | D:7      | Reached XP level 9. HP: 24/73 MP: 12/12
  7486 | D:7      | Reached skill level 9 in Maces & Flails
  7519 | D:7      | Found a blossoming altar of Fedhas.
  7603 | D:7      | Noticed Duvessa
  7603 | D:7      | Noticed Dowan
  7806 | D:8      | Noticed Psyche
  7820 | D:7      | Killed Psyche
  7895 | D:8      | Noticed Harold
  8136 | D:7      | Slain by a yak

Levels and vault maps discovered:
D:1:      dpeg_arrival_court, layout_loops_ring
D:2:      cheibrodos_pilgrimage, layout_basic, uniq_jessica, uniq_sigmund
D:3:      layout_rooms, first_ration
D:4:      layout_basic, overflow_temple_1_default
D:5:      layout_basic, temple_statues, serial_shops, nicolae_shop_behind_doors,
          uniq_menkaure
D:6:      layout_basic, uniq_pikel
D:7:      layout_basic, fedhas_ov_isle_minmay, uniq_duvessa
D:8:      cheibrodos_helix_gallery, layout_loops_ring, uniq_psyche, uniq_joseph,
          uniq_harold
Temple:   eino_temple_scatter_basement

Skill      XL: |  1  2  3  4  5  6  7  8  9 |
---------------+----------------------------+-----
Maces & Flails | 3 4 5 6 8 9 |  9.7
Shields        | 1 2 3 5 7 |  7.0
Throwing       | 1 3 |  3.1
Fighting       | |  2.0
Armour         | |  0.7
Dodging        | |  1.5
Spellcasting   | |  2.0
Translocations | |  3.0

Action                   |  1- 3 |  4- 6 |  7- 9 || total
-------------------------+-------+-------+-------++-------
Melee: Mace              |    63 |   165 |   146 ||   374
       Whip              |       |       |    74 ||    74
Throw: Dart              |    11 |    37 |    38 ||    86
       Boomerang         |       |     2 |       ||     2
 Cast: Shroud of Golubri |     1 |     1 |       ||     2
       Blink             |       |     1 |       ||     1
 Abil: Spit Poison       |    22 |    30 |    43 ||    95
Evoke: Wand              |       |       |     1 ||     1
  Use: Scroll            |       |     4 |    11 ||    15
       Potion            |       |     2 |     9 ||    11
 Stab: Invisible         |       |       |     2 ||     2
  Eat: Chunk             |     2 |    16 |    14 ||    32
Armor: Leather armour    |    21 |    28 |    28 ||    77
Dodge: Dodged            |    39 |    66 |    41 ||   146
Block: Buckler           |    10 |    21 |       ||    31
       Tower shield      |       |    58 |   178 ||   236

Table legend:
 A = Non-vault XP
 B = Vault XP
 C = Vault XP percentage of total XP
 D = Non-vault monster count
 E = Vault monster count
 F = Vault count percentage of total count
                 A         B        C        D         E       F
            +---------+---------+-------+---------+---------+-------
      Total |    2640 |    1487 |  36.0 |     112 |      12 |   9.7
            +---------+---------+-------+---------+---------+-------
        D:1 |      57 |       0 |   0.0 |      25 |       0 |   0.0
        D:2 |      98 |     169 |  63.3 |      23 |       8 |  25.8
        D:3 |     144 |       0 |   0.0 |      13 |       0 |   0.0
        D:4 |     350 |       0 |   0.0 |       6 |       0 |   0.0
        D:5 |     343 |     175 |  33.8 |      18 |       1 |   5.3
        D:6 |     645 |     673 |  51.1 |       6 |       1 |  14.3
        D:7 |     825 |     434 |  34.5 |      18 |       1 |   5.3
        D:8 |     178 |      36 |  16.8 |       3 |       1 |  25.0
            +---------+---------+-------+---------+---------+-------
